 Dungeon Crawl Stone Soup version 0.20.0 (webtiles) character file.

476 FakerFangirl the Cudgeler (level 6, 0/52 HPs)
             Began as a Draconian Fighter on May 26, 2017.
             Succumbed to a gnoll's poison
             ... on level 4 of the Dungeon.
             The game lasted 00:04:32 (4333 turns).

FakerFangirl the Cudgeler (Draconian Fighter)       Turns: 4333, Time: 00:04:33

Health: 0/52       AC:  6    Str: 19    XL:     6   Next: 84%
Magic:  6/6        EV: 10    Int:  8    God:
Gold:   208        SH:  9    Dex: 12    Spells: 5/5 levels left

rFire    . . .     SeeInvis +   Y - +2 flail
rCold    . . .     Gourm    .   b - +0 shield
rNeg     . . .     Faith    .   (armour unavailable)
rPois    .         Spirit   .   (helmet restricted)
rElec    .         Reflect  .   (no cloak)
rCorr    .         Harm     .   (no gloves)
MR       .....                  (no boots)
Stlth    +.........             (no amulet)
Regen    0.2/turn               f - ring of see invisible
MPRegen  0.1/turn               (no ring)

@: lethally poisoned (0 -> -7)
A: unfitting armour, cold-blooded, AC +6
a: no special abilities


You were on level 4 of the Dungeon.
You were not hungry.

You visited 1 branch of the dungeon, and saw 5 of its levels.

You collected 208 gold pieces.


Innate Abilities, Weirdness & Mutations

Your plain brown scales are hard. (AC +6)
You cannot fit into any form of body armour.
You are cold-blooded and may be slowed by cold attacks.


   Skills:
 - Level 4.0 Fighting
 + Level 7.2 Maces & Flails
 - Level 2.6 Dodging
 - Level 3.0 Shields


You had 5 spell levels left.
You didn't know any spells.

Inventory:

Hand Weapons
 Y - a +2 flail (weapon)
Missiles
 h - 2 javelins of penetration (quivered)
Armour
 b - a +0 shield (worn)
Jewellery
 f - a ring of see invisible (left hand)
Scrolls
 g - a scroll of identify
Potions
 c - a potion of might
 e - a potion of berserk rage {unknown}
 j - a potion of flight {unknown}
 n - a potion of degeneration {unknown}
Comestibles
 d - 2 bread rations
 i - a chunk of flesh
 k - a meat ration
 l - a royal jelly

Dungeon Overview and Level Annotations

Branches:
Dungeon (5/15)
 Temple: D:4-7

Altars:
Fedhas
Kikubaaqudgha

Shops:
D:4 [


Message History

You feel strangely unstable.
You feel sick. The adder barely misses you. The gnoll barely misses you.
The adder bites you but does no damage.
Your shield prevents you from hitting the gnoll.
Your tail-slap misses the gnoll.
The gnoll is heavily wounded.
You feel sick.
The gnoll hits you with a flail of venom.
The adder closely misses you.
You barely miss the gnoll.
Your tail-slap misses the gnoll.
The gnoll is heavily wounded.
You feel sick. The adder barely misses you. You block the gnoll's attack.
You block the adder's attack.
You closely miss the gnoll.
Your tail-slap misses the gnoll.
The gnoll is heavily wounded.
Your surroundings suddenly seem different.
You feel sick.
You feel sick.
You feel sick.
You die...

.....#
##.....#.....##
.#####
##.............## .#
#...............# ##
#...............#
#...............#
#...............#
#...............#
##.............## #
#####.....@.....##
##
####.......#########
.###....##[...#
[......#...####
.........###
.....<.### ##......#
...####.# ...#
#.##########


There were no monsters in sight!

Vanquished Creatures
  An ogre (D:4)
  An orc priest (D:4)
  2 orc wizards (D:4)
  Natasha (thrice) (D:3)
  2 worker ants (D:4)
  A hound skeleton (D:4)
  A gnoll (D:4)
  6 adders
  A shadow imp (D:4)
  An ooze (D:1)
  5 worms (D:2)
  7 leopard geckos
  5 orcs
  4 giant cockroaches (D:1)
  3 goblins (D:2)
  6 hobgoblins
  4 jackals (D:2)
  3 quokkas
  2 ball pythons
  6 bats
  7 frilled lizards
  7 kobolds
  A leopard gecko skeleton (D:4)
  6 rats
85 creatures vanquished.

Notes
Turn   | Place    | Note
-------+----------+-------------------------------------------
     0 | D:1      | FakerFangirl the Draconian Fighter began the quest for the Orb.
     0 | D:1      | Reached XP level 1. HP: 19/19 MP: 1/1
     0 | D:1      | 0 ||| counter = 70
   123 | D:1      | Reached XP level 2. HP: 26/26 MP: 2/2
   330 | D:1      | Reached skill level 3 in Maces & Flails
   517 | D:1      | 517 ||| Stepping ~*~*~tactically~*~*~ (outnumbered).
   519 | D:1      | 519 ||| Stepping ~*~*~tactically~*~*~ (outnumbered).
   520 | D:1      | 520 ||| Stepping ~*~*~tactically~*~*~ (outnumbered).
   522 | D:1      | 522 ||| Stepping ~*~*~tactically~*~*~ (outnumbered).
   523 | D:1      | 523 ||| Stepping ~*~*~tactically~*~*~ (outnumbered).
   524 | D:1      | 524 ||| Stepping ~*~*~tactically~*~*~ (outnumbered).
   525 | D:1      | 525 ||| Stepping ~*~*~tactically~*~*~ (outnumbered).
   526 | D:1      | 526 ||| Stepping ~*~*~tactically~*~*~ (outnumbered).
   527 | D:1      | 527 ||| Stepping ~*~*~tactically~*~*~ (outnumbered).
   528 | D:1      | 528 ||| Stepping ~*~*~tactically~*~*~ (outnumbered).
   529 | D:1      | 529 ||| Stepping ~*~*~tactically~*~*~ (outnumbered).
   530 | D:1      | 530 ||| Stepping ~*~*~tactically~*~*~ (outnumbered).
   858 | D:1      | 858 ||| READING scroll labeled YFOALI ZINKE.
   859 | D:1      | 859 ||| READING 2 scrolls labeled MYIBUA YSATEFI.
   973 | D:2      | 973 ||| STAIRDANCE
  1002 | D:2      | Reached XP level 3. HP: 31/31 MP: 3/3
  1166 | D:2      | Reached skill level 4 in Maces & Flails
  1528 | D:2      | Reached XP level 4. HP: 29/38 MP: 4/4
  1731 | D:2      | HP: 9/38 [poisoned by an adder]
  1738 | D:2      | HP: 8/38 [poisoned by an adder]
  1746 | D:2      | HP: 7/38 [poisoned by an adder]
  2322 | D:2      | 2322 ||| READING scroll labeled JUNOAK WIU.
  2323 | D:2      | 2323 ||| READING scroll labeled VIR VUDGHIEGIE.
  2324 | D:2      | 2324 ||| DRINKING 2 fuming emerald potions.
  2326 | D:2      | 2326 ||| READING 2 scrolls of identify.
  2326 | D:2      | 2326 ||| IDENTIFYING pink potion
  2327 | D:2      | 2327 ||| DROPPING potion of magic.
  2369 | D:3      | Noticed Natasha
  2378 | D:3      | Killed Natasha
  2378 | D:3      | Reached skill level 5 in Maces & Flails
  2426 | D:3      | 2426 ||| SWAPPING to glowing mace.
  2427 | D:3      | 2427 ||| SWAPPING to +1 flail.
  2428 | D:3      | 2428 ||| DROPPING +0 mace of holy wrath.
  2517 | D:3      | Noticed Natasha
  2524 | D:3      | Killed Natasha
  2524 | D:3      | Reached XP level 5. HP: 31/45 MP: 5/5
  2696 | D:3      | Noticed Natasha
  2809 | D:3      | Killed Natasha
  3038 | D:3      | 3038 ||| STAIRDANCE
  3045 | D:2      | 3045 ||| READING scroll labeled ASORYKAUCS.
  3049 | D:2      | 3049 ||| READING 2 scrolls of identify.
  3049 | D:2      | 3049 ||| IDENTIFYING glowing emerald ring
  3050 | D:2      | 3050 ||| UPGRADING to ring of see invisible.
  3163 | D:4      | 3163 ||| STAIRDANCE
  3232 | D:4      | 3232 ||| Stepping ~*~*~tactically~*~*~ (outnumbered).
  3234 | D:4      | Reached skill level 6 in Maces & Flails
  3235 | D:4      | 3235 ||| Stepping ~*~*~tactically~*~*~ (outnumbered).
  3240 | D:4      | 3240 ||| Stepping ~*~*~tactically~*~*~ (outnumbered).
  3241 | D:4      | 3241 ||| Stepping ~*~*~tactically~*~*~ (outnumbered).
  3242 | D:4      | 3242 ||| Stepping ~*~*~tactically~*~*~ (outnumbered).
  3243 | D:4      | HP: 6/46 [orc priest/divine providence (13)]
  3244 | D:4      | 3244 ||| READING scroll of teleportation.
  3245 | D:4      | 3245 ||| DRINKING potion of heal wounds.
  3247 | D:4      | Found Poalafox's Antique Armour Boutique.
  3350 | D:4      | 3350 ||| SHOPLISTING distressingly furry cloak (323 gold, have 195).
  3379 | D:4      | Reached XP level 6. HP: 38/52 MP: 6/6
  3653 | D:4      | 3653 ||| READING scroll of enchant weapon.
  3653 | D:4      | 3653 ||| ENCHANTING +1 flail.
  3687 | D:4      | 3687 ||| STAIRDANCE
  3693 | D:3      | 3693 ||| READING scroll labeled LOESSUOMEP.
  4003 | D:4      | Reached skill level 7 in Maces & Flails
  4016 | D:4      | Found a blossoming altar of Fedhas.
  4016 | D:4      | Found an ancient bone altar of Kikubaaqudgha.
  4232 | D:4      | 4232 ||| READING scroll labeled KAOSKEL ODUOM.
  4233 | D:4      | 4233 ||| READING 2 scrolls of identify.
  4233 | D:4      | 4233 ||| IDENTIFYING bubbling cyan potion
  4234 | D:4      | 4234 ||| DROPPING potion of brilliance.
  4248 | D:5      | Entered Level 5 of the Dungeon
  4252 | D:5      | 4252 ||| Stepping ~*~*~tactically~*~*~ (outnumbered).
  4253 | D:5      | 4253 ||| Stepping ~*~*~tactically~*~*~ (outnumbered).
  4254 | D:5      | 4254 ||| STAIRDANCE
  4321 | D:5      | 4321 ||| STAIRDANCE
  4326 | D:4      | HP: 12/52 [gnoll/flail of venom (13)]
  4327 | D:4      | 4327 ||| READING scroll of teleportation.
  4328 | D:4      | HP: 5/52 [gnoll/flail of venom (5)]
  4331 | D:4      | HP: 2/52 [poisoned by a gnoll]
  4333 | D:4      | Succumbed to a gnoll's poison

Vault maps used:
D:1:      kennysheep_arrival_seaside, serial_forest,
          infiniplex_forest_lined_corner, infiniplex_forest_clump_small,
          infiniplex_forest_end_3, infiniplex_forest_end_2,
          infiniplex_forest_clump_long, infiniplex_forest_lined_room_,
          infiniplex_forest_straight_5, infiniplex_forest_lined_2,
          infiniplex_forest_end_3, st_stairs_5, serial_bayou_pond_d
D:3:      uniq_natasha
D:4:      grunt_temple_overflow_growth_and_decay, serial_shops,
          nicolae_shop_overgrown_old_shop, minmay_misc_feat_ornament,
          corexii_leaking_fountain
D:5:      grunt_temple_overflow_cloverleaf, first_bread

Skill      XL: |  1  2  3  4  5  6 |
---------------+-------------------+-----
Maces & Flails | 3 4 5 6 7 |  7.2
Fighting       | 4 |  4.0
Dodging        | |  2.6
Shields        | |  3.0

Action                   |  1- 3 |  4- 6 || total
-------------------------+-------+-------++-------
Melee: Flail             |   101 |   185 ||   286
       Tailslap          |    13 |    16 ||    29
Throw: Javelin           |       |     5 ||     5
  Use: Scroll            |     2 |    11 ||    13
       Potion            |       |     2 ||     2
  Eat: Chunk             |     2 |     9 ||    11
Armor: Skin              |    22 |    38 ||    60
Dodge: Dodged            |    38 |    82 ||   120
Block: Shield            |    37 |    67 ||   104
